Map: [ESL] Site Delta

Players

Reynor - Winner!

  • Race: Zerg Zerg
  • Spawn Location: 11:00

Cure

  • Race: Terran Terran
  • Spawn Location: 5:00

Event: ESL Spring 2024 Finals

VOD

Have the link to the VOD?

Description

Time

  • Played on: May 31, 2024, 8 p.m.
  • Length: 30:17

All games in this series

Show
View Real Time Build Order
Export as new Build Order

Reynor Zerg - Winner!

Build Orders: Hatch First 

Get SALT Encoding   

  12  0:00  Drone  
  13  0:08  Drone  
  14  0:14  Drone, Extractor  
  15  0:38  Hatchery  
  15  0:42  Drone, Extractor  
  15  0:48  Overlord  
  15  1:02  Spawning Pool  
  14  1:06  Drone  
  14  1:09  Drone  
  16  1:12  Drone  
  16  1:17  Drone  
  18  1:27  Extractor  
  18  1:28  Drone  
  18  1:39  Drone  
  19  1:50  Queen x2  
  19  1:51  Drone x2  
  25  2:01  Drone, Overlord  
  26  2:11  Drone  
  26  2:12  Drone  
  28  2:22  Drone x2  
  30  2:26  Queen  
  30  2:28  Queen  
  33  2:33  Zergling x2  
  33  2:35  Overlord  
  34  2:43  Drone  
  34  2:44  Drone  
  36  2:56  Drone x2  
  37  2:58  Overlord  
  37  2:59  Drone x2  
  37  3:00  Drone x2  
  37  3:03  Drone  
  42  3:07  Drone x2  
  44  3:17  Drone x2  
  44  3:19  Roach Warren  
  45  3:27  Overlord  
  45  3:29  Drone  
  45  3:33  Hatchery  
  45  3:37  Lair  
  45  3:38  Drone x2  
  47  3:41  Drone  
  47  3:43  Drone x2  
  47  3:47  Extractor  
  49  3:48  Drone  
  49  3:50  Drone  
  49  3:51  Evolution Chamber  
  49  3:54  Overlord  
  50  3:55  Drone  
  50  3:58  Extractor  
  50  4:01  Roach  
  52  4:05  Roach  
  52  4:06  Overlord  
  52  4:07  Drone x2  
  56  4:12  Roach x2  
  56  4:16  Drone x2  
  62  4:17  Drone  
  62  4:23  Overlord  
  63  4:28  Zerg Ground Armor Level 1  
  63  4:30  Drone, Extractor  
  63  4:34  Drone  
  63  4:36  Drone  
  63  4:37  Drone x2  
  63  4:38  Drone  
  68  4:39  Overseer  
  68  4:43  Roach x2  
  72  4:46  Drone  
  72  4:47  Drone x2  
  72  4:51  Glial Reconstitution  
  75  4:54  Roach  
  75  4:57  Drone  
  75  4:58  Spore Crawler  
  77  5:01  Spore Crawler  
  77  5:02  Overlord  
  77  5:04  Drone  
  78  5:07  Drone  
  78  5:08  Drone  
  78  5:13  Drone x3  
  82  5:16  Overlord  
  82  5:22  Drone, Evolution Chamber  
  82  5:25  Evolution Chamber  
  82  5:26  Drone x3  
  82  5:27  Overlord  
  82  5:30  Drone x3  
  82  5:32  Drone  
  85  5:38  Roach  
  85  5:40  Roach  
  89  5:42  Overlord  
  89  5:43  Overlord  
  89  5:44  Roach x2  
  89  5:48  Infestation Pit  
  92  5:50  Roach, Zerg Missile Weapons Level 1  
  92  5:52  Roach  
  92  5:55  Ravager, Roach x2  
  101  5:57  Drone  
  101  5:58  Drone  
  101  6:01  Drone, Extractor  
  101  6:02  Extractor, Roach  
  104  6:10  Roach x3  
  110  6:11  Overlord  
  110  6:14  Drone x2  
  112  6:30  Hatchery  
  112  6:32  Drone x3  
  112  6:33  Drone  
  112  6:34  Queen  
  112  6:35  Hive  
  112  6:36  Zerg Ground Armor Level 2  
  112  6:37  Metabolic Boost  
  112  6:38  Baneling Nest  
  114  6:41  Overlord  
  114  6:47  Drone  
  114  6:51  Drone x2  
  114  6:53  Overlord  
  117  6:54  Spore Crawler  
  117  6:57  Roach x4  
  117  6:58  Roach x2  
  128  7:02  Ravager  
  128  7:05  Roach x3  
  128  7:06  Overlord  
  135  7:09  Overlord  
  135  7:13  Queen  
  134  7:24  Drone x4  
  134  7:28  Drone x5  
  134  7:29  Centrifugal Hooks, Drone x2  
  145  7:31  Ravager x2  
  145  7:35  Ravager  
  145  7:37  Overlord  
  148  7:38  Drone x2  
  150  7:44  Zerg Melee Weapons Level 1  
  150  7:47  Viper x2  
  150  7:50  Zergling x8  
  150  7:51  Queen  
  160  7:53  Spore Crawler  
  160  7:55  Zergling x4  
  163  7:59  Zergling x14  
  163  8:04  Ultralisk Cavern  
  169  8:05  Zergling x4  
  169  8:06  Zergling x6  
  169  8:10  Zergling x2  
  175  8:13  Zergling x2  
  175  8:16  Overlord x2  
  175  8:17  Overlord  
  176  8:27  Baneling  
  176  8:28  Baneling x18  
  176  8:35  Zergling x2, Extractor  
  176  8:36  Zergling x14  
  176  8:37  Overlord  
  183  8:44  Zergling x14  
  189  8:48  Zergling x4  
  189  8:51  Zergling x2  
  189  8:54  Hatchery  
  189  8:55  Zergling x2  
  189  9:01  Zergling x6  
  180  9:05  Zergling x2  
  180  9:07  Chitinous Plating  
  180  9:11  Zergling x4, Ultralisk  
  180  9:14  Queen  
  188  9:17  Drone  
  188  9:18  Drone  
  188  9:19  Drone  
  188  9:25  Ultralisk  
  188  9:26  Ultralisk  
  188  9:27  Overlord  
  188  9:29  Hatchery  
  199  9:35  Zergling x2  
  198  9:40  Zerg Melee Weapons Level 2, Zerg Ground Armor Level 3  
  198  9:48  Drone  
  198  9:51  Extractor  
  198  9:57  Drone  
  199  10:03  Burrow  
  199  10:10  Spore Crawler  
  199  10:11  Spore Crawler  
  199  10:12  Drone x2  
  199  10:26  Anabolic Synthesis  
  197  10:36  Drone x2  
  197  10:38  Spire  
  198  10:47  Drone  
  198  10:49  Hatchery  
  198  10:51  Drone  
  199  11:05  Drone  
  199  11:06  Spore Crawler  
  199  11:07  Drone, Overlord  
  199  11:09  Pneumatized Carapace  
  199  11:10  Overseer  
  199  11:11  Overseer  
  200  11:12  Overseer  
  200  11:26  Adrenal Glands  
  200  11:29  Spine Crawler  
  200  11:30  Spine Crawler  
  198  11:35  Drone x2  
  200  11:41  Overseer  
  200  11:46  Drone, Nydus Network  
  200  11:55  Zerg Flyer Weapons Level 1  
  199  12:06  Viper x2  
  194  12:20  Corruptor x7  
  196  12:31  Nydus Canal  
  185  12:46  Ultralisk x2  
  185  12:47  Zergling x10  
  200  12:55  Zergling x4  
  200  12:58  Nydus Canal  
  199  13:10  Hatchery  
  199  13:11  Roach x3  
  192  13:15  Zergling x16  
  199  13:20  Zerg Melee Weapons Level 3, Zerg Missile Weapons Level 2  
  199  13:24  Nydus Canal  
  199  13:32  Zergling x8, Ultralisk x2  
  199  13:33  Zergling x6  
  192  13:46  Zergling x32  
  199  13:52  Baneling x2  
  181  13:56  Zergling x14, Ultralisk x2  
  197  14:04  Infestor  
  196  14:30  Baneling x19  
  196  14:32  Drone x3  
  199  14:38  Overseer  
  191  14:55  Zergling x28  
  196  15:05  Zergling x2  
  196  15:06  Hatchery, Zergling x38  
  196  15:07  Infestor, Hatchery  
  196  15:12  Zergling x6  
  200  15:14  Overseer  
  200  15:15  Overseer x3  
  200  15:16  Baneling  
  200  15:17  Baneling x16  
  200  15:24  Zerg Flyer Weapons Level 2  
  200  15:28  Nydus Canal  
  173  15:50  Zergling x54  
  173  15:53  Overlord  
  173  15:54  Overlord  
  194  16:00  Overlord  
  194  16:01  Zergling x4  
  194  16:02  Zergling x2  
  194  16:03  Overlord  
  175  16:04  Zergling x24  
  175  16:10  Zergling x8, Ultralisk  
  172  16:12  Zergling x22  
  172  16:14  Overlord  
  180  16:19  Zergling x6, Ultralisk x2  
  180  16:20  Zergling x2  
  180  16:22  Zergling x6  
  180  16:24  Baneling x19  
  199  16:31  Zergling x2  
  200  16:35  Baneling x15  
  200  16:48  Spore Crawler  
  200  16:51  Zergling x4  
  200  16:52  Baneling  
  200  16:53  Baneling x6  
  198  17:02  Zergling x2  
  198  17:03  Overseer x2  
  195  17:24  Zergling x28  
  195  17:29  Zergling x50  
  147  17:40  Zergling x4  
  147  17:41  Zergling x24  
  151  17:44  Queen  
  151  17:45  Viper x2  
  151  17:47  Drone x2  
  151  17:48  Drone  
  151  17:49  Ultralisk x4  
  183  17:52  Ultralisk  
  183  17:53  Zergling x8  
  183  17:55  Overlord  
  183  17:57  Overlord  
  193  17:59  Drone  
  193  18:02  Drone  
  193  18:20  Overseer x2  
  193  18:21  Zergling x14  
  193  18:23  Baneling x17  
  200  18:43  Hatchery  
  177  19:00  Zergling x56, Ultralisk x2  
  163  19:04  Zergling x4  
  163  19:05  Zergling x4  
  163  19:07  Drone x3, Roach x2  
  150  19:11  Drone x3  
  153  19:18  Drone x7  
  153  19:19  Drone x2  
  162  19:31  Drone x2  
  164  19:34  Ultralisk  
  164  19:37  Zergling x6  
  166  19:38  Zergling x2  
  166  19:39  Zergling x2  
  166  19:41  Hatchery  
  162  19:48  Ultralisk  
  162  19:49  Zergling x10  
  173  19:53  Drone  
  173  19:54  Drone x5  
  179  20:04  Ultralisk x2  
  186  20:11  Zergling x18  
  195  20:20  Zergling x18  
  198  20:30  Zergling x4  
  198  20:34  Greater Spire  
  200  20:38  Baneling  
  200  20:39  Baneling x22  
  200  20:43  Baneling x13  
  197  21:08  Drone x2  
  188  21:20  Drone x6  
  188  21:21  Extractor  
  188  21:23  Extractor  
  188  21:24  Extractor  
  188  21:25  Extractor  
  190  21:29  Overseer x2  
  190  21:37  Spine Crawler x2  
  190  21:39  Extractor  
  187  21:40  Extractor  
  186  21:47  Corruptor x6  
  186  21:48  Corruptor  
  186  21:53  Extractor  
  199  21:56  Extractor  
  198  22:03  Spore Crawler  
  198  22:07  Overseer, Nydus Canal  
  194  22:30  Brood Lord x2  
  194  22:34  Brood Lord  
  199  23:01  Zerg Flyer Weapons Level 3  
  193  23:22  Brood Lord  
  193  23:23  Brood Lord x2  
  194  23:27  Drone x2, Brood Lord  
  194  23:28  Drone  
  194  23:30  Infestor  
  192  23:38  Spore Crawler x2  
  192  23:39  Spore Crawler x2, Corruptor x3  
  192  23:41  Spore Crawler  
  184  23:42  Spore Crawler  
  184  23:43  Drone  
  184  23:44  Roach  
  182  23:55  Infestor x4  
  181  23:59  Zergling x22  
  198  24:09  Corruptor  
  190  24:29  Brood Lord x3  
  194  24:31  Corruptor x2  
  198  24:39  Zergling x4  
  198  24:47  Spore Crawler, Brood Lord  
  199  25:00  Infestor  
  198  25:40  Baneling x12  
  198  25:42  Zerg Flyer Armor Level 1  
  186  26:33  Brood Lord  
  188  26:45  Zergling x22  
  199  26:50  Roach  
  199  27:01  Corruptor x2  
  191  27:06  Extractor  
  191  27:07  Drone, Extractor  
  194  27:16  Hatchery, Corruptor x2  
  194  27:17  Spore Crawler  
  194  27:18  Spore Crawler x2  
  194  27:19  Spore Crawler  
  194  27:20  Spore Crawler  
  194  27:21  Spore Crawler  
  191  27:25  Brood Lord  
  193  27:31  Brood Lord x2  
  197  27:56  Brood Lord x2  
  195  28:03  Zergling x34  
  195  28:06  Zergling x10  
  195  28:11  Zergling x28  
  195  28:12  Zergling x8  
  173  28:35  Corruptor x4  
  173  28:36  Corruptor  
  173  28:39  Zergling x40  
  197  28:45  Overlord  
  188  28:56  Drone x3  
  188  28:57  Drone x2  
  188  29:01  Overseer  
  193  29:10  Baneling x9  
  193  29:11  Brood Lord x3  
  193  29:12  Infestor x3  
  199  29:19  Drone  
Show
View Real Time Build Order
Export as new Build Order

Cure Terran 

Build Orders:  

Get SALT Encoding   

  12  0:00  SCV  
  13  0:12  SCV  
  14  0:18  Supply Depot  
  14  0:24  SCV  
  15  0:40  SCV  
  15  0:41  Barracks  
  16  0:43  Refinery  
  16  0:52  SCV  
  17  0:58  Barracks  
  17  1:04  SCV  
  18  1:16  SCV  
  19  1:28  Orbital Command, Reaper  
  19  1:30  Supply Depot  
  20  1:44  Reaper  
  21  1:54  SCV  
  22  2:03  Reaper  
  22  2:06  SCV  
  24  2:10  Command Center  
  24  2:18  SCV  
  26  2:30  SCV  
  27  2:37  Marine  
  27  2:43  SCV  
  28  2:44  Factory  
  28  2:50  Command Center  
  28  2:55  SCV, Refinery  
  29  3:01  Barracks Reactor  
  29  3:07  SCV  
  29  3:10  Barracks Tech Lab  
  30  3:19  SCV  
  31  3:23  Orbital Command  
  31  3:29  Marine  
  31  3:32  SCV  
  31  3:33  Stimpack  
  33  3:42  Hellion x2  
  33  3:44  SCV  
  33  3:47  Marine  
  39  3:49  SCV, Barracks Reactor  
  40  3:56  SCV  
  40  4:01  Orbital Command, SCV  
  42  4:04  Marine, Hellion x2  
  42  4:09  Supply Depot  
  47  4:10  SCV  
  47  4:13  SCV  
  47  4:16  Starport  
  50  4:24  SCV, Marine  
  50  4:25  SCV, Marine  
  50  4:26  Marine  
  56  4:35  Bunker  
  56  4:38  SCV x3  
  59  4:41  Bunker  
  59  4:42  Supply Depot  
  59  4:44  Marine  
  60  4:46  Marine x2  
  60  4:50  SCV x3  
  63  5:03  Marine  
  63  5:04  SCV x2, Marine x2, Medivac  
  63  5:05  Medivac  
  72  5:08  Supply Depot  
  72  5:10  Supply Depot  
  72  5:11  Orbital Command  
  72  5:12  Factory Tech Lab  
  72  5:13  Combat Shield  
  72  5:16  SCV  
  72  5:17  Supply Depot  
  72  5:18  Refinery  
  72  5:19  SCV  
  72  5:21  Marine x2, Refinery  
  74  5:22  Marine  
  77  5:32  SCV x2  
  77  5:35  Engineering Bay x2  
  77  5:39  Marine x3  
  77  5:40  Siege Tank  
  83  5:46  SCV x3  
  83  5:49  Barracks  
  86  5:53  Medivac  
  90  5:58  Supply Depot  
  90  6:02  Marine x3  
  90  6:03  SCV x3  
  94  6:04  Terran Infantry Weapons Level 1  
  94  6:07  Terran Infantry Armor Level 1  
  94  6:18  Barracks x2  
  94  6:19  SCV  
  94  6:20  SCV x2  
  94  6:22  Marine x2  
  95  6:30  Siege Tank  
  95  6:31  Medivac  
  95  6:32  SCV x3  
  98  6:34  Marine  
  98  6:40  Marine  
  98  6:44  SCV x3  
  98  6:45  Marine  
  98  6:46  Barracks Reactor  
  101  6:49  Refinery  
  101  6:53  Marine  
  102  6:54  Missile Turret  
  102  6:56  SCV x3  
  102  6:58  Marine  
  102  7:00  Supply Depot x2  
  106  7:02  Siege Tank  
  109  7:09  Armory, Barracks Reactor  
  109  7:10  Barracks Reactor  
  109  7:15  Marine  
  109  7:21  SCV x2, Marine x2  
  113  7:23  Marine x2  
  113  7:24  SCV  
  113  7:29  Refinery  
  115  7:30  Factory  
  115  7:32  Supply Depot  
  115  7:33  Supply Depot, SCV x2, Marine  
  118  7:39  Siege Tank, Marine x2  
  118  7:40  Medivac  
  125  7:51  Command Center  
  125  7:53  Supply Depot, Marine x3  
  125  7:54  Medivac  
  125  7:56  Marine  
  131  7:59  Terran Infantry Weapons Level 2  
  131  8:00  Terran Vehicle Weapons Level 1  
  131  8:01  SCV x3  
  131  8:04  Supply Depot  
  132  8:08  Marine x5  
  132  8:09  Terran Infantry Armor Level 2  
  132  8:11  Marine  
  137  8:15  Factory Tech Lab  
  137  8:17  Supply Depot  
  137  8:22  Barracks  
  137  8:23  SCV x3, Barracks  
  137  8:24  Medivac  
  142  8:27  Marine x3, Barracks  
  145  8:35  Supply Depot  
  145  8:37  Sensor Tower  
  145  8:38  Marine x2  
  145  8:39  Marine x3  
  150  8:45  Siege Tank, Marine x3  
  156  8:50  Marine  
  156  8:53  Siege Tank  
  156  8:54  Concussive Shells  
  160  8:56  Marine x3  
  160  9:00  Supply Depot  
  157  9:03  Viking  
  157  9:04  Viking  
  157  9:07  Marine x3  
  157  9:08  Marauder  
  156  9:14  SCV  
  156  9:15  SCV x2  
  159  9:29  SCV  
  159  9:30  SCV x2  
  162  9:34  Viking x2  
  159  9:42  Barracks Tech Lab x3, Marine x4  
  159  9:43  Marine x3, Ghost Academy, Marauder  
  168  9:46  SCV x3  
  168  9:50  Planetary Fortress  
  171  9:55  Sensor Tower  
  171  9:59  Siege Tank  
  177  10:00  Siege Tank  
  177  10:01  Terran Vehicle Weapons Level 2  
  177  10:05  Viking x2  
  181  10:19  Ghost x2  
  181  10:20  Ghost  
  187  10:23  Refinery x2  
  187  10:29  Command Center  
  187  10:30  Supply Depot  
  187  10:31  Terran Infantry Weapons Level 3  
  187  10:34  Missile Turret  
  187  10:36  Siege Tank  
  187  10:41  Command Center  
  190  10:45  Terran Infantry Armor Level 3  
  190  10:52  Command Center  
  190  10:53  Command Center  
  190  10:57  Missile Turret  
  190  11:01  Missile Turret, Ghost x2  
  190  11:02  Missile Turret  
  194  11:09  Ghost x2  
  198  11:16  Missile Turret  
  198  11:26  Factory x2  
  198  11:27  Factory  
  198  11:33  Command Center  
  198  11:36  Command Center  
  198  11:38  Command Center  
  198  11:41  Ghost  
  200  11:49  Command Center  
  200  11:54  Orbital Command  
  194  12:21  Ghost x2  
  194  12:22  Ghost x2  
  194  12:24  Orbital Command x2  
  194  12:27  Siege Tank x2  
  194  12:29  Factory Reactor, Factory Tech Lab x2  
  199  12:30  Factory Reactor  
  199  12:36  Liberator  
  196  12:50  Ghost x2  
  200  13:01  Command Center  
  200  13:04  Orbital Command  
  184  13:13  Thor  
  184  13:14  Thor  
  184  13:15  Orbital Command  
  192  13:21  Thor  
  192  13:22  Terran Vehicle Weapons Level 3  
  192  13:24  Armory  
  196  13:41  Hellbat x2  
  191  13:55  Hellbat x2  
  176  13:56  Thor x2  
  189  14:03  Hellbat x2  
  189  14:04  Thor  
  189  14:06  Missile Turret  
  189  14:07  Sensor Tower  
  189  14:08  Missile Turret  
  196  14:26  SCV  
  196  14:27  SCV x3  
  196  14:31  Infernal Pre-Igniter, Hellbat x4  
  193  14:34  Terran Vehicle And Ship Armor Level 1  
  193  14:39  Thor  
  193  14:42  Orbital Command  
  198  15:04  Orbital Command  
  198  15:05  Orbital Command  
  184  15:08  Thor x2  
  184  15:09  Smart Servos, Hellbat x2  
  184  15:12  Starport  
  184  15:14  Fusion Core  
  200  15:21  Missile Turret  
  200  15:24  Orbital Command  
  200  15:26  Hi-Sec Auto Tracking, Missile Turret, Neosteel Armor  
  188  15:50  Siege Tank, Hellbat x3  
  188  15:51  Siege Tank x2, Hellbat  
  129  16:10  Ghost x2  
  131  16:12  Marine x4, Hellbat x4  
  131  16:13  Marauder x2  
  145  16:22  Siege Tank  
  145  16:23  Siege Tank x2  
  154  16:26  Medivac x2  
  154  16:29  Orbital Command  
  154  16:32  Terran Vehicle And Ship Armor Level 2  
  158  16:33  Hellbat  
  158  16:39  Missile Turret  
  160  16:40  Starport Reactor  
  160  16:41  Advanced Ballistics  
  160  16:44  Missile Turret  
  160  16:58  Refinery  
  160  17:02  Medivac x2  
  164  17:11  Siege Tank  
  167  17:23  Terran Ship Weapons Level 1  
  167  17:27  Orbital Command  
  137  17:31  Liberator x2  
  137  17:35  Siege Tank x2  
  137  17:36  Orbital Command, Marine x4, Hellbat x3  
  137  17:37  Marauder  
  115  17:53  Caduceus Reactor  
  115  17:57  Siege Tank, Hellbat  
  120  18:09  Siege Tank  
  120  18:10  Hellbat  
  124  18:23  Siege Tank  
  127  18:30  Refinery  
  127  18:33  Refinery  
  127  18:34  Missile Turret  
  127  18:35  Hellbat x2  
  127  18:38  Missile Turret, Hellbat  
  127  18:40  Hellbat  
  135  18:51  Siege Tank x2  
  101  19:07  Medivac  
  101  19:08  Medivac  
  101  19:09  Hellbat x2  
  104  19:10  Hellbat  
  104  19:17  Orbital Command  
  104  19:26  Hellbat  
  106  19:38  Missile Turret  
  97  19:57  Siege Tank  
  97  19:59  Missile Turret  
  100  20:02  Siege Tank  
  101  20:11  Siege Tank  
  103  20:29  Siege Tank, Hellbat  
  103  20:32  Hellbat x2  
  103  20:34  Siege Tank  
  115  20:36  Hellbat  
  115  20:39  SCV  
  115  20:40  SCV  
  115  20:42  SCV  
  120  20:43  Siege Tank  
  120  20:44  SCV x2  
  125  20:50  Liberator, Hellbat  
  130  20:57  Orbital Command  
  130  21:01  Siege Tank  
  133  21:08  Siege Tank, Hellbat  
  133  21:09  Hellbat x2  
  142  21:27  Siege Tank, Hellbat  
  142  21:32  Refinery  
  147  21:36  Refinery  
  147  21:42  SCV x2, Missile Turret  
  147  21:43  SCV  
  150  21:49  Sensor Tower  
  150  21:54  Siege Tank, Hellbat  
  155  22:01  Siege Tank  
  157  22:26  Siege Tank x2  
  157  22:27  Hellbat x3  
  168  22:50  Thor  
  176  22:51  Hellbat  
  176  23:05  Hellbat  
  176  23:06  Hellbat  
  176  23:07  Hellbat  
  176  23:21  Thor  
  178  23:35  Thor  
  178  23:43  Thor  
  178  23:47  Liberator  
  187  24:01  Liberator  
  190  24:03  Hellion x2  
  190  24:17  Missile Turret x2  
  190  24:18  Missile Turret  
  181  24:28  Orbital Command  
  181  24:29  Orbital Command  
  181  24:43  Thor  
  187  25:04  Thor  
  190  25:09  Liberator  
  190  25:19  Liberator  
  191  25:24  Orbital Command  
  186  25:38  Thor  
  187  25:50  Orbital Command  
  187  26:03  Sensor Tower  
  175  26:40  Refinery  
  175  26:41  SCV x3, Refinery  
  175  26:42  SCV  
  172  27:01  SCV x4  
  170  27:02  SCV x2  
  170  27:03  SCV  
  176  27:10  Thor  
  176  27:11  Hellbat x2  
  176  27:12  SCV  
  176  27:13  SCV  
  188  27:32  Missile Turret  
  188  27:36  Thor x2  
  192  28:00  Thor  
  164  28:19  Siege Tank  
  143  28:34  Hellbat x2  
  140  28:45  Orbital Command  
  128  28:49  Orbital Command  
  124  29:27  Missile Turret  
  124  29:28  Refinery  
  124  29:33  Thor  
  124  29:37  Refinery  
  130  29:45  Orbital Command  
Tags
 
Add a new tag
Caveats
  • Supply blocks, unpowered buildings, or Contaminate may cause inaccurate times.
  • Supply counts are checked every 10 seconds.